 Dungeon Crawl Stone Soup version 0.32-a0-705-g60f233581c (webtiles) character file.

Game seed: 446270438553241367

44 kae the Slasher (level 3, -3/27 HPs)
             Began as a Coglin Gladiator on Mar 14, 2024.
             Slain by Terence
             ... wielding a +2 short sword of venom
              (10 damage)
             ... on level 2 of the Dungeon.
             The game lasted 00:01:14 (1057 turns).

kae the Slasher (Coglin Gladiator)                  Turns: 1057, Time: 00:01:14

Health: -3/27      AC:  0    Str: 14    XL:     3   Next: 60%
Magic:  3/3        EV: 14    Int:  7    God:
Gold:   44         SH:  0    Dex: 17    Spells: 2/2 levels left

rFire   . . .        a - melded +1 long sword {Ujjalroop}
rCold   . . .        o - melded +1 dagger (speed) {Udom}
rNeg    . . .        b - melded +0 leather armour
rPois   .            c - melded +0 helmet
rElec   .            (cloak currently unavailable)
rCorr   .            (gloves currently unavailable)
SInv    .            (boots currently unavailable)
Will    .....        (no amulet)
Stlth   ++           (ring currently unavailable)
HPRegen 0.24/turn    (ring currently unavailable)
MPRegen 0.08/turn    (no gizmo)

%: no passive effects
@: brilliant, lethally poisoned (-3 -> -14), pig-form, very quick
A: fast, no casting, small, (off-hand wielding), (slow wielding), (warmup
strikes), (no jewellery)
a: Invent Gizmo


You were on level 2 of the Dungeon.
You were a filthy swine.
You visited 1 branch of the dungeon, and saw 2 of its levels.

You collected 44 gold pieces.


Innate Abilities, Weirdness & Mutations

You are a filthy swine.
You move quickly.
Your equipment is almost entirely melded.
You are incapable of wielding weapons or throwing items.
You cannot cast spells.
((You can wield a second weapon in your off-hand.))
((It takes a long time for you to wield or remove held weapons.))
((Your first few attacks do less damage.))
((You cannot equip rings or amulets.))


   Skills:
 - Level 2.0 Fighting
 + Level 4.5 Long Blades
 - Level 1.7 Throwing
 - Level 2.6 Dodging


You had 2 spell levels left.
You didn't know any spells.
Your spell library contained the following spells:

 Spells                   Type           Power      Damage    Failure   Level
 Shock                    Conj/Air       0%         1d3       43%         1
 Swiftness                Air            0%         N/A       80%         3
 Volatile Blastmotes      Fire/Tloc      0%         2d10      80%         3
 Airstrike                Air            0%         2d(0-16)  99%         4
 Fulminant Prism          Conj/Alch      0%         3d5       99%         4
 Iskenderun's Mystic Bla  Conj/Tloc      0%         2d3       99%         4

Inventory:

Hand Weapons
 a - a +1 long sword (melded) {Ujjalroop}
 f - a +0 dagger {Kiyoto}
 o - a +1 dagger of speed (melded) {Udom}
   (You took it off a kobold on level 2 of the Dungeon)
Missiles
 d - 3 throwing nets (quivered) {=f!f}
 e - a javelin
 h - 24 stones
Armour
 b - a +0 leather armour (melded)
 c - a +0 helmet (melded)
Wands
 i - a wand of light (7)
   (You found it on level 2 of the Dungeon)
Scrolls
 g - a scroll of poison {unknown}
 k - 2 scrolls of fog
 p - a scroll of teleportation {unknown}
 q - a scroll of amnesia {unknown}
 r - a scroll of brand weapon {unknown}
Potions
 j - a potion of curing {unknown}
 l - a potion of cancellation {unknown}
 m - a potion of resistance {unknown}
 n - a potion of brilliance

Dungeon Overview and Level Annotations

Branches:
Dungeon (2/15) Zot: 10940

Altars:

Annotations:
D:2 Terence

.#.##.#.... # ..
#.#..#. #. # #.†#.
##. #####.# ##†#†
.... ....#.# #.##
..#. #..###.#...
#..#
.#.###gSg..#.#####
##.# ....#
#@........ #..
#...#####h....##
##.
#...##......#...#
## #...##.##...# ..
# #...##.##...#
#......##...##
#####..........#
#..............#
#.####.............
######.#
########.##### #).


You could see Terence, an adder and a goblin.


Message History

A rat is nearby!
The helpless rat fails to defend itself.
You puncture the rat with your +1 dagger of speed!
You kill the rat!
No target in view!
p - a scroll labelled QONICKE TAWAE No target in view!
No target in view!
A frilled lizard comes into view.
The frilled lizard hisses angrily.
A kobold comes into view. It is wielding a +0 short sword.
There are monsters nearby!
You hit the frilled lizard with your +1 long sword.
You kill the frilled lizard!
The kobold throws a stone.
The stone misses you.
You see here a frilled lizard corpse.
A kobold is nearby!
You closely miss the kobold with your +1 long sword.
You hit the kobold with your +1 dagger of speed.
The kobold hits you with a +0 short sword. 😕 HP[-1]
You take 1 damage, and now have 26/27 hp.
A kobold is nearby!
You closely miss the kobold with your +1 dagger of speed.
You closely miss the kobold with your +1 long sword.
The kobold hits you with a +0 short sword.
You completely miss the kobold with your +1 long sword.
You hit the kobold with your +1 dagger of speed.
You kill the kobold! 😕 HP[-2]
You take 2 damage, and now have 24/27 hp.
h - 24 stones (gained 5)
Things that are here:
a +0 short sword; a kobold corpse Key pressed, stopping explore.
No target in view!
No target in view! 😎 HP[+3]
Your hp is fully restored (27).
You pick up a book of Blasting and begin reading...
You add the spells Volatile Blastmotes, Fulminant Prism and Iskenderun's Mystic Blast to your library.
No target in view!
No target in view!
q - a scroll labelled LYTRUN NAHE No target in view!
No target in view!
r - a scroll labelled LOETHI TOISY
Found a stone staircase leading up.
Terence the Incautious comes into view.
He is wielding a +2 short sword of venom and carrying a wand of polymorph.
Terence shouts!
You hear a shout!
You hear an angry hiss.
A goblin comes into view. It is wielding a +0 club.
Terence says, "Did you write a will?
You should..."
A goblin comes into view. It is wielding a +0 dagger.
Terence hits you with a +2 short sword of venom.
You are poisoned.
The goblin shouts!
You hit Terence but do no damage.
You closely miss Terence with your +1 long sword.
You feel sick.
An adder comes into view.
Terence barely misses you. 😮 HP[-8]
You take 8 damage, and now have 19/27 hp.
MASSIVE DAMAGE!! (PAUSE)
You hit Terence but do no damage.
You barely miss Terence with your +1 long sword.
You feel sick. 😮 HP[-1]
You take 1 damage, and now have 18/27 hp.
You barely miss Terence with your +1 dagger of speed.
You hit Terence with your +1 long sword.
You feel sick.
Terence zaps a wand.
You turn into a filthy swine.
Your +1 long sword {Ujjalroop} melds into your body.
Your +0 helmet melds into your body.
Your +1 dagger of speed {Udom} melds into your body.
Your +0 leather armour melds into your body.
You hit Terence.
You feel sick.
Terence hits you with a +2 short sword of venom.
* * * LOW HITPOINT WARNING * * *
You are lethally poisoned! 😨 HP[-6]
You take 6 damage, and now have 12/27 hp.
MASSIVE DAMAGE!! (PAUSE) Unknown command.
Unknown command.
* * * LOW HITPOINT WARNING * * *
You feel very sick. Terence attacks as he pursues you!
Terence barely misses you. 😨 HP[-2]
You take 2 damage, and now have 10/27 hp.
Unknown command.
It was a potion of brilliance.
You feel clever all of a sudden.
* * * LOW HITPOINT WARNING * * *
You feel very sick.
Terence hits you with a +2 short sword of venom!
You die...
Terence says, "Time to find some more victims."

Skill      XL: |  1  2 |
---------------+-------+-----
Long Blades    | 4 |  4.5
Fighting       | |  2.0
Throwing       | |  1.7
Dodging        | |  2.6

Action                     || total
---------------------------++-------
  Melee: Long sword        ||    69
         Dagger            ||    55
         Unarmed           ||     1
    Use: Scroll            ||     3
         Potion            ||     1
   Stab: Sleeping          ||     2
 Armour: Leather armour    ||    31
         Skin              ||     2
  Dodge: Dodged            ||    28

Levels and vault maps discovered:
D:1:      grunt_arrival_lava_bath, layout_basic,
          shapermc_ecumenical_altar_notcrosses, hex_medium, st_stairs_6
D:2:      minmay_evil_eye, layout_basic, uniq_terence

Notes
Turn   | Place    | Note
-------+----------+-------------------------------------------
     0 | D:1      | kae the Coglin Gladiator began the quest for the Orb.
     0 | D:1      | Reached XP level 1. HP: 16/16 MP: 1/1
     0 | D:1      | magus.rc [v1.11.3]
    97 | D:1      | Reached XP level 2. HP: 21/22 MP: 2/2
   349 | D:1      | Reached skill level 4 in Long Blades
   388 | D:1      | Reached XP level 3. HP: 21/27 MP: 3/3
   574 | D:1      | Found a faded altar of an unknown god.
   910 | D:2      | You pick up a book of Air and begin reading...
   910 | D:2      | You add the spells Shock, Swiftness and Airstrike to your
                  | library.
  1007 | D:2      | You pick up a book of Blasting and begin reading...
  1007 | D:2      | You add the spells Volatile Blastmotes, Fulminant Prism and
                  | Iskenderun's Mystic Blast to your library.
  1050 | D:2      | Noticed Terence
  1057 | D:2      | Slain by Terence

Vanquished Creatures
  2 dart slugs (D:1)
  4 bats
  2 endoplasms
  2 giant cockroaches (D:1)
  6 hobgoblins
  2 quokkas (D:1)
  A ball python (D:1)
  9 frilled lizards
  2 goblins (D:1)
  5 kobolds
  7 rats
42 creatures vanquished.

Table legend:
 A = Non-vault XP
 B = Vault XP
 C = Vault XP percentage of total XP
 D = Non-vault monster count
 E = Vault monster count
 F = Vault count percentage of total count
                 A         B        C        D         E       F
            +---------+---------+-------+---------+---------+-------
      Total |      56 |       7 |  11.1 |      37 |       5 |  11.9
            +---------+---------+-------+---------+---------+-------
        D:1 |      44 |       2 |   4.3 |      28 |       1 |   3.4
        D:2 |      12 |       5 |  29.4 |       9 |       4 |  30.8
            +---------+---------+-------+---------+---------+-------

Skill      XL: |  1  2 |
---------------+-------+-----
Long Blades    | 4 |  4.5
Fighting       | |  2.0
Throwing       | |  1.7
Dodging        | |  2.6

Action                     || total
---------------------------++-------
  Melee: Long sword        ||    69
         Dagger            ||    55
         Unarmed           ||     1
    Use: Scroll            ||     3
         Potion            ||     1
   Stab: Sleeping          ||     2
 Armour: Leather armour    ||    31
         Skin              ||     2
  Dodge: Dodged            ||    28

Illustrated notes

Table legend:
 A = Kills in this place as a percentage of kills in the entire game.
 B = Kills by you in this place as a percentage of kills by you in the entire game.
 C = Kills by friends in this place as a percentage of kills by friends in the entire game.
 D = Other kills in this place as a percentage of other kills in the entire game.
 E = Experience gained in this place as a percentage of experience gained in the entire game.
 F = Experience gained in this place divided by the number of levels of this place that you have seen.
                   A       B       C       D       E      F
               +-------+-------+-------+-------+-------+----------------------
         Total | 100.0 | 100.0 |   N/A |   N/A | 100.0 |  31.5
       Dungeon | 100.0 | 100.0 |   N/A |   N/A | 100.0 |  31.5
               +-------+-------+-------+-------+-------+----------------------

Table legend: (Time is in decaauts)
 A = Elapsed time spent in this place.
 B = Non-inter-level travel time spent in this place.
 C = Inter-level travel time spent in this place.
 D = Time resting spent in this place.
 E = Time spent auto-exploring this place.
 F = Levels seen in this place.
 G = Mean time per level.
                   A        B        C        D        E       F      G
               +--------+--------+--------+--------+--------+-----+--------+
         Total |   1058 |   1030 |     28 |      0 |    806 |   2 |  529.0 |
       Dungeon |   1058 |   1030 |     28 |      0 |    806 |   2 |  529.0 |
               +--------+--------+--------+--------+--------+-----+--------+

Top non-repeatable levels by time:
     D:1: 750 daAuts
     D:2: 308 daAuts
